 Dungeon Crawl Stone Soup version 0.31-a0-188-g5e087ee2ca (webtiles) character file.

Game seed: 13286680332968167709

21 qw the Shooter (level 2, -2/16 HPs)
             Began as a Deep Elf Hunter on June 22, 2023.
             Slain by Terence
             ... wielding a +0 mace
              (5 damage)
             ... on level 2 of the Dungeon.
             The game lasted 00:00:16 (1229 turns).

qw the Shooter (Deep Elf Hunter)                    Turns: 1229, Time: 00:00:16

Health: -2/16      AC:  3    Str:  8    XL:     2   Next: 62%
Magic:  4/4        EV: 12    Int: 13    God:
Gold:   74         SH:  0    Dex: 18    Spells: 1/1 levels left

rFire   . . .        Y - +0 shortbow
rCold   . . .        (shield currently unavailable)
rNeg    . . .        c - +0 leather armour
rPois   .            (no helmet)
rElec   .            (no cloak)
rCorr   .            (no gloves)
SInv    .            (no boots)
Will    .....        (no amulet)
Stlth   ++           (no ring)
HPRegen 0.22/turn    (no ring)
MPRegen 0.09/turn

%: no passive effects
@: no status effects
A: no striking features
a: no special abilities


You were on level 2 of the Dungeon.
You visited 1 branch of the dungeon, and saw 2 of its levels.

You collected 74 gold pieces.


   Skills:
 - Level 1.5 Fighting
 + Level 6.4 Ranged Weapons
 - Level 2.4 Dodging
 - Level 1.2 Stealth


You had one spell level left.
You didn't know any spells.
Your spell library was empty.

Inventory:

Hand Weapons
 Y - a +0 shortbow (weapon)
Armour
 a - a +2 hat
 c - a +0 leather armour (worn)
Potions
 f - a potion of brilliance {unknown}
 h - a potion of magic {unknown}

Dungeon Overview and Level Annotations

Branches:
Dungeon (2/15)

Altars:
Xom

Shops:
D:1 [

Annotations:
D:1 2 runed translucent doors
D:2 Terence


Message History

Enter note:
Enter note:
Enter note:
Enter note: You shoot an arrow.
The arrow hits Terence!
Terence is heavily wounded.
You shoot an arrow. The arrow hits Terence.
Terence is heavily wounded.
You shoot an arrow.
The arrow hits Terence but does no damage.
Terence is heavily wounded.
A frilled lizard comes into view.
You shoot an arrow. The arrow closely misses Terence.
The frilled lizard hisses angrily.
You shoot an arrow.
The arrow hits Terence but does no damage.
Terence is heavily wounded.
Terence misses you.
You shoot an arrow.
The arrow hits Terence but does no damage.
Terence is heavily wounded.
Terence hits you with a +0 mace!
Ouch! That really hurt!
You shoot an arrow. The arrow barely misses Terence.
Terence closely misses you.
You shoot an arrow. The arrow barely misses Terence.
Terence misses you.
You shoot an arrow. The arrow closely misses Terence.
Terence misses you. The frilled lizard closely misses you.
Terence hits you with a +0 mace.
You shoot an arrow.
The arrow hits Terence but does no damage.
Terence is heavily wounded.
The frilled lizard closely misses you. Terence closely misses you.
You shoot an arrow.
The arrow hits Terence but does no damage.
Terence is heavily wounded.
The frilled lizard bites you but does no damage.
Terence hits you with a +0 mace.
You die...

.........#.#.#
..#.######.....#.#..
#.#..>..#......#....
#..........<#..#....
#..........<...#.#..
#..................#
###..._..........###.#
#...l@...............#
#.#..@......##....##.#
#.###.#..............#
###.###.#.##...)........
#.......# #...##....#.#
#.#.##### #...###...#..
#.#. #...# #...#..
#.#.######...###...#..
#.#.#..............###
#.#.#.##########......


You could see Terence and a frilled lizard.

Vanquished Creatures
  3 endoplasms
  A giant cockroach (D:1)
  2 hobgoblins (D:2)
  4 jackals (D:1)
  3 kobolds
  A ball python (D:2)
  A bat (D:1)
  2 rats
17 creatures vanquished.

Notes
Turn   | Place    | Note
-------+----------+-------------------------------------------
     0 | D:1      | qw the Deep Elf Hunter began the quest for the Orb.
     0 | D:1      | Reached XP level 1. HP: 12/12 MP: 3/3
     0 | D:1      | 0 ||| qw: Version: 0.3-a-9-g12657ce
     0 | D:1      | 0 ||| qw: Game counter: 3055
     0 | D:1      | 0 ||| qw: Always use a shield: true
     0 | D:1      | 0 ||| qw: God list: Okawaru
     0 | D:1      | 0 ||| qw: Allow faded altars: false
     0 | D:1      | 0 ||| qw: Do Orc after D:15 true
     0 | D:1      | 0 ||| qw: Do second Lair branch before Depths: true
     0 | D:1      | 0 ||| qw: Lair rune preference: random
     0 | D:1      | 0 ||| qw: Plans: Normal
     0 | D:1      | 0 ||| PLANNING D:1-11
    51 | D:1      | Found a large runed translucent door.
    51 | D:1      | Found a large runed translucent door.
    55 | D:1      | Reached skill level 6 in Ranged Weapons
    55 | D:1      | Reached XP level 2. HP: 16/16 MP: 4/4
    56 | D:1      | Noticed a troll
   497 | D:1      | Found Fomut's Armour Shop.
   516 | D:1      | 516 ||| SHOPLISTING +0 pair of boots (63 gold, have 43).
   516 | D:1      | 516 ||| SHOPLISTING +0 ring mail (56 gold, have 43).
   516 | D:1      | 516 ||| SHOPLISTING +0 scale mail (56 gold, have 43).
   516 | D:1      | 516 ||| SHOPLISTING +1 pair of boots of rampaging (231
                  | gold, have 43).
   905 | D:1      | 905 ||| READING 3 scrolls labelled UWUONA SIVARGH.
   906 | D:1      | 906 ||| READING scroll labelled FIEREOLLOA.
   907 | D:1      | 907 ||| READING scroll labelled AHUIMEVIWK.
   908 | D:1      | 908 ||| READING scroll labelled YRUOTR OXKEUNG.
   921 | D:1      | 921 ||| DROPPING 2 scrolls of fear.
   922 | D:1      | 922 ||| DROPPING scroll of butterflies.
   996 | D:2      | Found a shimmering altar of Xom.
  1218 | D:2      | Noticed Terence
  1227 | D:2      | HP: 2/16 [Terence/+0 mace (5)]
  1229 | D:2      | Slain by Terence

Levels and vault maps discovered:
D:1:      erik_arrival_cave_to_civilisation [erik_arrival_cave_to_temple],
          layout_loops_ring, serial_shops, shop
D:2:      layout_basic, basic_altar, uniq_terence, uniq_crazy_yiuf_cottage

Skill      XL: |  1 |
---------------+----+-----
Ranged Weapons | 6 |  6.4
Fighting       | |  1.5
Dodging        | |  2.4
Stealth        | |  1.2

Action                     || total
---------------------------++-------
   Fire: Shortbow          ||    48
    Use: Scroll            ||     4
 Armour: Leather armour    ||     3
  Dodge: Dodged            ||     7

Table legend:
 A = Non-vault XP
 B = Vault XP
 C = Vault XP percentage of total XP
 D = Non-vault monster count
 E = Vault monster count
 F = Vault count percentage of total count
                 A         B        C        D         E       F
            +---------+---------+-------+---------+---------+-------
      Total |      26 |       4 |  13.3 |      15 |       2 |  11.8
            +---------+---------+-------+---------+---------+-------
        D:1 |      16 |       4 |  20.0 |       9 |       2 |  18.2
        D:2 |      10 |       0 |   0.0 |       6 |       0 |   0.0
            +---------+---------+-------+---------+---------+-------
